 Dungeon Crawl Stone Soup version 0.20.0-15-g7f486f2 (webtiles) character file.

1305 Gorglomux the Cleaver (level 8, -7/74 HPs)
             Began as a Deep Dwarf Fighter on June 10, 2017.
             Was an Initiate of Makhleb.
             Mangled by an orc warrior
             ... wielding a +0 scimitar
              (16 damage)
             ... on level 7 of the Dungeon.
             The game lasted 00:05:51 (990 turns).

Gorglomux the Cleaver (Deep Dwarf Fighter)           Turns: 990, Time: 00:05:52

Health: -7/74      AC:  6    Str: 19    XL:     8   Next: 31%
Magic:  4/4        EV:  7    Int: 10    God:    Makhleb [......]
Gold:   32         SH:  9    Dex: 14    Spells: 7/7 levels left

rFire    + . .     SeeInvis .   a - +0 war axe
rCold    + . .     Gourm    .   c - +0 shield
rNeg     . . .     Faith    .   b - +0 scale mail
rPois    .         Spirit   .   (no helmet)
rElec    .         Reflect  .   M - scarf {rC+ rF+}
rCorr    .         Harm     .   (no gloves)
MR       +....                  (no boots)
Stlth    ..........             (no amulet)
Regen    0.0/turn               (no ring)
MPRegen  0.1/turn               (no ring)

@: non-regenerating
A: damage resistance, heal wounds, sense surroundings 1, no regeneration
a: Heal Wounds, Renounce Religion


You were on level 7 of the Dungeon.
You worshipped Makhleb.
Makhleb was noncommittal.
You were not hungry.

You visited 2 branches of the dungeon, and saw 8 of its levels.

You collected 32 gold pieces.

Inventory:

Hand Weapons
 a - a +0 war axe (weapon)
Armour
 b - a +0 scale mail (worn)
 c - a +0 shield (worn)
 M - a scarf of resistance (worn)
Wands
 L - a wand of lightning (6/15)
Scrolls
 g - 2 scrolls of teleportation {unknown}
 i - a scroll of recharging {unknown}
 j - a scroll of identify {unknown}
Potions
 N - a potion of mutation {unknown}
 P - a potion of heal wounds {unknown}
Comestibles
 f - 2 bread rations
 z - a meat ration


   Skills:
 + Level 5.0 Fighting
 + Level 10.0 Axes
 - Level 3.2 Armour
 - Level 3.2 Shields


You had 7 spell levels left.
You didn't know any spells.

Dungeon Overview and Level Annotations

Branches:
Dungeon (7/15)             Temple (1/1) D:4

Altars:
Ashenzari
Dithmenos
Elyvilon
Fedhas
Gozag
Kikubaaqudgha
Makhleb
Nemelex Xobeh
Okawaru
Trog
Uskayaw
Vehumet
Xom
Yredelemnul
Zin
The Shining One

Shops:
D:7 !

Annotations:
D:4 Sigmund


Innate Abilities, Weirdness & Mutations

You are resistant to damage.
You can heal yourself by infusing magical energy.
You passively map a small area around you.
You do not regenerate.


Message History

Makhleb accepts your kill.
Your Fighting skill increases to level 5!
The orc warrior hits you with a scimitar.
The orc priest calls down the wrath of Beogh upon you.
Beogh smites you!
* * * LOW HITPOINT WARNING * * *
You hit the orc priest.
The orc priest is lightly wounded.
You barely miss the orc warrior. The orc warrior closely misses you.
The orc priest hits you with a flail of protection!
* * * LOW HITPOINT WARNING * * *
Unknown command.
You hit the orc priest but do no damage.
The orc priest is lightly wounded.
You closely miss the orc warrior. You block the orc warrior's attack.
The orc priest hits you with a flail of protection.
* * * LOW HITPOINT WARNING * * *
You fail to use your ability.
The orc warrior hits you with a scimitar!!
You die...

#..#.#.#.# #.#.#
#..#.#.#.. ..#.#
#..#.#.#.# #.#.# *
#....#.######.#.#
,##.....##...###.# ,
, ##...##.....##.#
.o.#..(#...../.#.# *
,..c.'...'.)))!..#.#
, ,
....#...#(o@(...#.#
, , , ,..o
#...##)o...##.# , .
#...###...###.# *, *
#...# ##### #.# * *
**#...# ,, *#.# ,
*,, *#...# , #.# * *
, #..l , , , #># * +
#.### , , , , #...#
* *,


You could see an orc warrior and an orc priest.

Vanquished Creatures
  Grinder (D:5)
  The ghost of Aalglatt the Cutter, an amateur HaMo of Okawaru (D:5)
  2 sky beasts
  A phantom (D:5)
  2 centaurs (D:7)
  2 bullfrogs
  3 scorpions
  A howler monkey (D:5)
  A hound (D:5)
  2 orc priests
  A centaur skeleton (D:7)
  2 orc wizards
  A hound skeleton (D:5)
  4 adders
  An ooze (D:3)
  A worm (D:4)
  A dart slug (D:1)
  A leopard gecko (D:4)
  4 orcs
  A bat (D:2)
  2 giant cockroaches
  2 quokkas (D:4)
  2 frilled lizards
  A goblin (D:2)
  A rat (D:3)
41 creatures vanquished.

Notes
Turn   | Place    | Note
-------+----------+-------------------------------------------
     0 | D:1      | Gorglomux the Deep Dwarf Fighter began the quest for the Orb.
     0 | D:1      | Reached XP level 1. HP: 20/20 MP: 1/1
   106 | D:3      | Reached skill level 3 in Axes
   106 | D:3      | Reached XP level 2. HP: 22/27 MP: 2/2
   112 | D:3      | Found a faded altar of an unknown god.
   117 | D:3      | Reached skill level 4 in Axes
   117 | D:3      | Reached XP level 3. HP: 23/33 MP: 3/3
   121 | D:3      | Reached XP level 4. HP: 26/40 MP: 4/4
   194 | D:4      | Reached skill level 5 in Axes
   232 | D:4      | Reached XP level 5. HP: 45/48 MP: 4/4
   264 | D:4      | Found a staircase to the Ecumenical Temple.
   272 | Temple   | Entered the Ecumenical Temple
   343 | Temple   | Became a worshipper of Makhleb the Destroyer
   397 | D:5      | Entered Level 5 of the Dungeon
   458 | D:5      | Noticed Grinder
   459 | D:5      | Noticed a phantom
   466 | D:5      | Killed Grinder
   466 | D:5      | Reached skill level 7 in Axes
   466 | D:5      | Reached XP level 6. HP: 22/55 MP: 5/5
   480 | D:5      | Reached skill level 8 in Axes
   580 | D:5      | Noticed a sky beast
   581 | D:5      | Reached XP level 7. HP: 28/61 MP: 6/6
   678 | D:6      | Reached skill level 3 in Fighting
   678 | D:6      | Reached skill level 9 in Axes
   735 | D:4      | Noticed Sigmund
   782 | D:5      | Noticed Aalglatt's ghost (amateur HaMo)
   800 | D:5      | Killed Aalglatt's ghost
   800 | D:5      | Reached XP level 8. HP: 21/72 MP: 7/7
   866 | D:7      | Found Sitappul's Distillery.
   986 | D:7      | Reached skill level 10 in Axes
   990 | D:7      | Mangled by an orc warrior

Skill      XL: |  1  2  3  4  5  6  7  8 |
---------------+-------------------------+-----
Axes           | 3 4 5 7 8 9 10 | 10.0
Fighting       | 4 5 |  5.0
Armour         | |  3.2
Shields        | |  3.2

Action                   |  1- 3 |  4- 6 |  7- 9 || total
-------------------------+-------+-------+-------++-------
Melee: War axe           |    30 |    56 |   108 ||   194
 Abil: Heal Wounds       |       |     2 |     6 ||     8
  Use: Potion            |       |     1 |       ||     1
  Eat: Chunk             |       |       |     1 ||     1
Armor: Scale mail        |    16 |    14 |    38 ||    68
Dodge: Dodged            |    13 |     6 |    26 ||    45
Block: Shield            |    23 |    24 |    47 ||    94
